 Dungeon Crawl Stone Soup version 0.23-a0-136-g722f094 (webtiles) character file.

3224 MothsLongingForFire the Covert (level 10, 0/84 HPs)
             Began as a Kobold Berserker on Aug 28, 2018.
             Was an Elder of Trog.
             Succumbed to a hornet's poison
             ... on level 9 of the Dungeon.
             The game lasted 00:12:26 (9000 turns).

MothsLongingForFire the Covert (Kobold Berserker)   Turns: 9000, Time: 00:12:27

Health: 0/84       AC:  4    Str: 19    XL:     10   Next: 18%
Magic:  0/10       EV: 18    Int:  8    God:    Trog [****..]
Gold:   254        SH:  0    Dex: 19    Spells: 9/9 levels left

rFire    . . .     SeeInvis .   a - +0 short sword
rCold    . . .     Gourm    .   (shield restricted)
rNeg     . . .     Faith    .   b - +0 animal skin
rPois    .         Spirit   +   (no helmet)
rElec    .         Reflect  .   f - +0 cloak
rCorr    .         Harm     .   y - +0 pair of gloves
MR       .....                  (no boots)
Stlth    ..........             G - amulet of guardian spirit
HPRegen  0.24/turn              E - +3 ring of evasion
MPRegen  0.12/turn              q - ring of stealth

@: berserking (expiring), lethally poisoned (0 -> -30), slowed
A: small, carnivore
a: Berserk, Trog's Hand, Brothers in Arms, Renounce Religion


You were on level 9 of the Dungeon.
You worshipped Trog.
Trog was greatly pleased with you.
You were very full.

You visited 1 branch of the dungeon, and saw 9 of its levels.

You collected 452 gold pieces.
You spent 198 gold pieces at shops.


Innate Abilities, Weirdness & Mutations

You are small and have problems with some larger weapons.
You are carnivorous and can eat meat at any time.


   Skills:
 - Level 3.2 Fighting
 - Level 12.0 Short Blades
 - Level 1.5 Armour
 - Level 2.4 Dodging
 + Level 14.0 Stealth


You had 9 spell levels left.
You didn't know any spells.
Your spell library was empty.

Inventory:

Hand Weapons
 a - a +0 short sword (weapon)
 l - a +2 dagger of draining
Missiles
 g - 219 stones (quivered)
 n - 2 needles of confusion
 z - 2 throwing nets {=f}
 K - 2 curare-tipped needles {=f}
Armour
 b - a +0 animal skin (worn)
 f - a +0 cloak (worn)
 y - a +0 pair of gloves (worn)
Jewellery
 q - a ring of stealth (right hand)
 E - a +3 ring of evasion (left hand)
 F - an uncursed ring of fire
 G - an amulet of guardian spirit (around neck)
 L - an uncursed ring of flight
Wands
 m - a wand of polymorph (17)
 p - a wand of random effects (32)
 r - a wand of digging (32)
 D - a wand of flame (53)
 O - a wand of acid (6)
Scrolls
 d - 5 scrolls of enchant weapon
 e - 2 scrolls of blinking
 h - 3 scrolls of remove curse {@r2}
 t - 2 scrolls of magic mapping
 w - 5 scrolls of teleportation {@r4}
 x - a scroll of enchant armour
 Q - a scroll of immolation {!r}
Potions
 i - 3 potions of lignification {!q}
 j - 2 potions of flight
 k - 3 potions of brilliance
 o - a potion of magic {unknown}
 s - 4 potions of curing {@q1}
 u - a potion of cancellation {unknown}
 v - 2 potions of invisibility {unknown}
 A - a potion of degeneration {unknown}
 B - 3 potions of mutation {unknown}
 C - a potion of might {unknown}
 H - a potion of heal wounds {@q2}
 I - a potion of ambrosia {unknown}
 J - 3 potions of agility
 M - 2 potions of haste {unknown}
 P - a potion of berserk rage {unknown}
Comestibles
 c - 18 rations {@e1}
 N - 9 chunks of flesh

Dungeon Overview and Level Annotations

Branches:
Dungeon (9/15)             Temple (0/1) D:4            Lair (0/6) D:8
    Orc: D:9-12

Altars:
Cheibriados
Elyvilon
Fedhas
Kikubaaqudgha
Makhleb
Nemelex Xobeh
Qazlal
Ru
Trog
Uskayaw
Yredelemnul
The Shining One

Shops:
D:5 (   D:6 !%(!   D:8 :

Annotations:
D:8 2 runed doors, exclusion: orange crystal statue

...# #.....#....# ..#
#####...#### ..# .# ##.##
..## #.# #.# .#.###.# #.#
..)....# #.# .......# #.#
##..#.########.########
.................@yW5.#
##.#.##########.#####...#
...#.# #.# #.# ####.# #.#
##.## #.# #...# #.# #...#
#.. #...####### ##.
#.........#


You could see a phantom, a hornet and a shadow imp.


Message History

You barely miss the hornet.
The hornet is lightly wounded.
You feel sick. The hornet closely misses you.
You puncture the hornet!
The hornet is heavily wounded.
You hit the hornet.
The hornet is severely wounded.
You puncture the hornet!
The hornet is almost dead.
You feel sick. The hornet stings you.
* * * LOW HITPOINT WARNING * * *
You are more poisoned.
You suddenly lose the ability to move!
You feel sick. The hornet stings you.
* * * LOW HITPOINT WARNING * * *
You are more poisoned.
You feel yourself slow down.
* * * LOW HITPOINT WARNING * * *
You feel sick. The hornet stings you.
You shrug off the repeated paralysis!
The shadow imp puffs mist at you. The hornet stings you!
* * * LOW HITPOINT WARNING * * *
You are more poisoned.
You feel as though you will be slow longer.
You can move again.
Unknown command.
You are too berserk!
You hit the hornet.
The hornet is almost dead.
You die...

Skill      XL: |  1  2  3  4  5  6  7  8  9 10 |
---------------+-------------------------------+-----
Stealth        | 1 2 3 4 5 6 8 10 13 14 | 14.0
Short Blades   | 5 6 7 8 10 12 | 12.0
Fighting       | |  3.2
Armour         | |  1.5
Dodging        | |  2.4

Action                   |  1- 3 |  4- 6 |  7- 9 | 10-12 || total
-------------------------+-------+-------+-------+-------++-------
Melee: Short sword       |   133 |   138 |   666 |    46 ||   983
Throw: Stone             |       |       |     5 |       ||     5
Invok: Berserk           |     2 |     6 |    11 |     2 ||    21
       Trog's Hand       |     1 |     1 |     3 |       ||     5
  Use: Scroll            |       |     4 |     8 |       ||    12
       Potion            |       |       |     1 |       ||     1
 Stab: Sleeping          |     6 |     2 |    18 |     2 ||    28
       Distracted        |       |       |     2 |       ||     2
  Eat: Chunk             |    12 |    10 |    31 |     1 ||    54
Armor: Animal skin       |    12 |     8 |    44 |       ||    64
       Skin              |       |       |     5 |       ||     5
Dodge: Dodged            |   109 |    77 |   386 |    17 ||   589

Vault maps used:
D:1:      erik_arrival_cave_to_civilisation
D:3:      bloody_makhleb, corexii_corridor_pit, uniq_ijyb, uniq_natasha,
          uniq_crazy_yiuf_cottage
D:4:      kennysheep_slug_shrine, temple_green
D:5:      bloody_trog, lemuel_doored_altar, hangedman_ru_absence,
          grunt_temple_overflow_diamond, serial_shops, shop, first_ration
D:6:      serial_shops, nicolae_shop_statue_plus, shop,
          nicolae_shop_temple_entry_statues_fountains, shop,
          nemelex_diamond_rough_becter
D:7:      grunt_temple_overflow_holy_war,
          grunt_temple_overflow_growth_and_decay, serial_bayou_lagoon_a,
          the_bakery, minmay_bent
D:8:      lair_entry_dummy, serial_shops, nicolae_shop_trees,
          chequers_guarded_unrand_ignorance
D:9:      gammafunk_ghost_necromancy, stair_cage_line

Notes
Turn   | Place    | Note
-------+----------+-------------------------------------------
     0 | D:1      | MothsLongingForFire the Kobold Berserker began the quest
                  | for the Orb.
     0 | D:1      | Reached XP level 1. HP: 14/14 MP: 1/1
   403 | D:1      | Reached skill level 1 in Stealth
   482 | D:1      | Reached XP level 2. HP: 19/19 MP: 2/2
   910 | D:1      | Reached skill level 2 in Stealth
   991 | D:2      | Reached XP level 3. HP: 22/23 MP: 3/3
  1024 | D:2      | Reached ** piety under Trog
  1479 | D:2      | Reached skill level 5 in Short Blades
  1659 | D:3      | Reached skill level 3 in Stealth
  1857 | D:3      | Noticed Natasha
  1858 | D:3      | Found a burning altar of Makhleb.
  1865 | D:3      | Killed Natasha
  1865 | D:3      | Reached XP level 4. HP: 28/28 MP: 2/4
  1887 | D:3      | Noticed Natasha
  1915 | D:3      | Killed Natasha
  1915 | D:3      | Reached skill level 4 in Stealth
  1915 | D:3      | Reached XP level 5. HP: 16/32 MP: 0/5
  2113 | D:3      | Noticed Ijyb
  2143 | D:3      | Killed Ijyb
  2188 | D:3      | Reached skill level 6 in Short Blades
  2664 | D:3      | Noticed Natasha
  2670 | D:3      | Killed Natasha
  3003 | D:3      | Found a runed door.
  3007 | D:3      | Noticed Crazy Yiuf
  3012 | D:3      | Killed Crazy Yiuf
  3012 | D:3      | Reached skill level 5 in Stealth
  3012 | D:3      | Reached XP level 6. HP: 26/37 MP: 4/6
  3316 | D:4      | Noticed a phantom
  3342 | D:4      | Killed a phantom
  3342 | D:4      | Reached skill level 7 in Short Blades
  3342 | D:4      | Reached skill level 6 in Stealth
  3584 | D:4      | Reached XP level 7. HP: 41/41 MP: 5/7
  3953 | D:4      | Found a staircase to the Ecumenical Temple.
  4031 | D:4      | Found a snail-covered altar of Cheibriados.
  4142 | D:4      | Reached skill level 7 in Stealth
  4182 | D:4      | Reached skill level 8 in Short Blades
  4249 | D:4      | Reached *** piety under Trog
  4387 | D:5      | Entered Level 5 of the Dungeon
  4571 | D:5      | Found a sacrificial altar of Ru.
  4659 | D:4      | Reached skill level 8 in Stealth
  4659 | D:4      | Reached XP level 8. HP: 38/46 MP: 2/8
  5154 | D:5      | Reached skill level 9 in Short Blades
  5155 | D:5      | Found a white marble altar of Elyvilon.
  5246 | D:5      | Found Sutsaplib's Antique Weapon Shop.
  5270 | D:5      | Reached skill level 9 in Stealth
  5754 | D:5      | Found a bloodstained altar of Trog.
  5835 | D:5      | Found a sparkling altar of Nemelex Xobeh.
  5839 | D:5      | Found a hide-covered altar of Uskayaw.
  5842 | D:5      | Found a stormy altar of Qazlal.
  6146 | D:6      | Found a sparkling altar of Nemelex Xobeh.
  6179 | D:6      | Found Yfibrokky's Distillery.
  6213 | D:6      | Bought a potion of heal wounds for 55 gold pieces
  6213 | D:6      | Bought 2 potions of curing for 66 gold pieces
  6213 | D:6      | Bought a potion of flight for 33 gold pieces
  6255 | D:6      | Found Lekothrou's Food Emporium.
  6290 | D:6      | Reached skill level 10 in Short Blades
  6312 | D:6      | Found Suggyc's Distillery.
  6317 | D:6      | Bought a potion of agility for 44 gold pieces
  6354 | D:6      | Received a gift from Trog
  6428 | D:6      | Found Mebi's Antique Weapon Shop.
  6492 | D:6      | Reached skill level 10 in Stealth
  6884 | D:7      | Reached XP level 9. HP: 45/51 MP: 6/9
  7063 | D:7      | Reached skill level 11 in Short Blades
  7063 | D:7      | Reached skill level 11 in Stealth
  7720 | D:7      | Found an ancient bone altar of Kikubaaqudgha.
  7743 | D:7      | Found a blossoming altar of Fedhas.
  7883 | D:7      | Reached skill level 12 in Stealth
  7970 | D:7      | Found a glowing golden altar of the Shining One.
  8123 | D:7      | Found a basalt altar of Yredelemnul.
  8273 | D:8      | Reached skill level 12 in Short Blades
  8381 | D:8      | Found Imof's Book Shoppe.
  8441 | D:8      | Reached **** piety under Trog
  8625 | D:8      | Found a runed door.
  8637 | D:8      | Found the +10 large shield of Ignorance {rN+ Int-4}
  8642 | D:8      | Found a runed door.
  8657 | D:8      | Found a staircase to the Lair.
  8766 | D:8      | Noticed an orange crystal statue
  8790 | D:9      | Noticed a hippogriff
  8794 | D:9      | Killed a hippogriff
  8794 | D:9      | Reached skill level 13 in Stealth
  8794 | D:9      | Reached XP level 10. HP: 56/56 MP: 10/10
  8986 | D:9      | Reached skill level 14 in Stealth
  8997 | D:9      | Paralysed by a hornet for 2 turns
  8999 | D:9      | HP: 1/84 [hornet (12)]
  9000 | D:9      | Succumbed to a hornet's poison

Vanquished Creatures
  A hippogriff (D:9)
  A spriggan (D:7)
  A water moccasin (D:5)
  An orc warrior (D:7)
  2 sky beasts
  4 phantoms
  3 ogres
  5 bullfrogs
  5 killer bees (D:9)
  5 wights (D:7)
  3 howler monkeys (D:8)
  A jelly (D:7)
  A bullfrog zombie (D:5)
  A crimson imp (D:6)
  3 hounds
  Crazy Yiuf (D:3)
  2 orc priests
  2 iguanas
  Ijyb (D:3)
  A centaur skeleton (D:6)
  6 orc wizards
  Natasha (thrice) (D:3)
  3 worker ants
  2 hound zombies
  3 hound skeletons
  A worker ant zombie (D:6)
  4 gnolls (D:5)
  5 adders
  4 shadow imps
  An ooze (D:2)
  2 adder skeletons
  2 adder zombies
  2 worms
  A dart slug (D:4)
  2 leopard geckos
  32 orcs
  3 giant cockroaches
  9 goblins
  2 hobgoblins
  7 jackals
  6 kobolds
  6 quokkas
  6 bats
  4 frilled lizards
  A leopard gecko skeleton (D:5)
  A quokka zombie (D:2)
  8 rats
  2 fungi (D:3)
172 creatures vanquished.

Table legend:
 A = Turns spent in this place as a percentage of turns spent in the entire game.
 B = Non-inter-level travel turns spent in this place as a percentage of non-inter-level travel turns spent in the entire game.
 C = Inter-level travel turns spent in this place as a percentage of turns spent in this place.
 D = Turns resting spent in this place as a percentage of non-inter-level travel turns spent in this place.
 E = Turns spent auto-exploring this place as a percentage of non-inter-level travel turns spent in this place.
 F = Non-inter-level travel turns spent in this place divided by the number of levels of this place that you've seen.
                   A       B       C       D       E      F
               +-------+-------+-------+-------+-------+----------------------
         Total | 100.0 | 100.0 |   2.6 |  29.0 |  48.7 | 973.9
       Dungeon | 100.0 | 100.0 |   2.6 |  29.0 |  48.7 | 973.9
               +-------+-------+-------+-------+-------+----------------------

Table legend:
 A = Non-vault XP
 B = Vault XP
 C = Vault XP percentage of total XP
 D = Non-vault monster count
 E = Vault monster count
 F = Vault count percentage of total count
                 A         B        C        D         E       F
            +---------+---------+-------+---------+---------+-------
      Total |    3910 |     696 |  15.1 |     158 |      12 |   7.1
            +---------+---------+-------+---------+---------+-------
        D:1 |      21 |       0 |   0.0 |      14 |       0 |   0.0
        D:2 |      31 |       0 |   0.0 |      15 |       0 |   0.0
        D:3 |     103 |     114 |  52.5 |      17 |       3 |  15.0
        D:4 |     671 |       4 |   0.6 |      28 |       1 |   3.4
        D:5 |     612 |       0 |   0.0 |      21 |       0 |   0.0
        D:6 |     308 |     129 |  29.5 |      15 |       1 |   6.2
        D:7 |    1021 |     449 |  30.5 |      24 |       7 |  22.6
        D:8 |     298 |       0 |   0.0 |      13 |       0 |   0.0
        D:9 |     845 |       0 |   0.0 |      11 |       0 |   0.0
            +---------+---------+-------+---------+---------+-------
